 Dungeon Crawl Stone Soup version 0.29.0-5-ge4962eb29e (webtiles) character file.

Game seed: 6806969601672083907

72 Woods the Magician (level 4, 0/24 HPs)
             Began as a Deep Elf Earth Elementalist on Aug 30, 2022.
             Slain by an orc
             ... wielding a +0 club
              (3 damage)
             ... on level 2 of the Dungeon.
             The game lasted 00:04:54 (1402 turns).

Woods the Magician (Deep Elf Earth Elementalist)    Turns: 1402, Time: 00:04:55

Health: 0/24       AC:  3    Str:  5    XL:     4   Next: 7%
Magic:  4/11       EV: 13    Int: 22    God:
Gold:   72         SH:  0    Dex: 15    Spells: 4/10 levels left

rFire   . . .      SeeInvis .   (no weapon)
rCold   . . .      Faith    .   (no shield)
rNeg    . . .      Spirit   .   a - +0 robe
rPois   .          Reflect  .   (no helmet)
rElec   .          Harm     .   (no cloak)
rCorr   .          Rampage  .   (no gloves)
Will    .....                   g - +0 pair of boots
Stlth   ++........              (no amulet)
HPRegen 0.08/turn               (no ring)
MPRegen 0.12/turn               (no ring)

@: no status effects
A: no striking features
a: no special abilities


You were on level 2 of the Dungeon.
You visited 1 branch of the dungeon, and saw 2 of its levels.

You collected 72 gold pieces.

Inventory:

Armour
 a - a +0 robe (worn)
 g - a +0 pair of boots (worn)
Jewellery
 f - a ring of positive energy
Scrolls
 c - a scroll of fear {unknown}
 h - a scroll of identify {unknown}
 i - 2 scrolls of teleportation {unknown}
Potions
 b - 2 potions of magic
 d - 2 potions of curing {unknown}
 e - a potion of brilliance {unknown}
 j - a potion of flight {unknown}
 k - a potion of mutation {unknown}
 l - a potion of attraction {unknown}


   Skills:
 + Level 3.2 Dodging
 + Level 3.3 Stealth
 + Level 3.8 Spellcasting
 + Level 2.0 Transmutations
 + Level 3.8 Earth Magic


You had 4 spell levels left.
You knew the following spells:

 Your Spells              Type           Power      Damage    Failure   Level
a - Sandblast             Erth           40%        2d10      2%          1
b - Passwall              Tmut/Erth      14%        N/A       5%          2
c - Stone Arrow           Conj/Erth      24%        3d8       16%         3

Your spell library contained the following spells:

 Spells                   Type           Power      Damage    Failure   Level
 Petrify                  Tmut/Erth      17%        N/A       34%         4


Dungeon Overview and Level Annotations

Branches:
Dungeon (2/15)

Altars:

Shops:
D:1 :


Message History

The orc priest is moderately wounded.
The orc priest hits you with a +0 flail.
Aiming: Sandblast (safe; 2% risk of failure)
Press: ? - help, Q - select action, (/) - cycle Shift-Dir - straight line, f/p - orc priest
Aim: an orc priest, wielding a +0 flail and wearing a +0 ring mail (moderately wounded, 85% to hit)
The blast of sand hits the orc priest but does no damage.
The orc priest is moderately wounded.
An orc comes into view. It is wielding a +0 flail.
The orc priest hits you with a +0 flail!
Aiming: Sandblast (safe; 2% risk of failure)
Press: ? - help, Q - select action, (/) - cycle Shift-Dir - straight line, f/p - orc priest
Aim: an orc priest, wielding a +0 flail and wearing a +0 ring mail (moderately wounded, 85% to hit)
The blast of sand hits the orc priest but does no damage.
The orc priest is moderately wounded.
The orc priest misses you.
Aiming: Sandblast (safe; 2% risk of failure)
Press: ? - help, Q - select action, (/) - cycle Shift-Dir - straight line, f/p - orc priest
Aim: an orc priest, wielding a +0 flail and wearing a +0 ring mail (moderately wounded, 85% to hit)
The blast of sand hits the orc priest.
The orc priest is heavily wounded.
The orc priest begins to cast a cantrip, but forgets the words!
The orc closely misses you. The orc hits you but does no damage.
The orc priest miscasts a cantrip.
Aiming: Sandblast (safe; 2% risk of failure)
Press: ? - help, Q - select action, (/) - cycle Shift-Dir - straight line, f/p - orc priest
Aim: an orc priest, wielding a +0 flail and wearing a +0 ring mail (heavily wounded, 85% to hit)
The blast of sand hits the orc priest but does no damage.
The orc priest is heavily wounded.
The orc priest calls down the wrath of Beogh upon you.
Pain shoots through your body!
* * * LOW HITPOINT WARNING * * *
The orc closely misses you.
Unknown command.
Aiming: Sandblast (safe; 2% risk of failure)
Press: ? - help, Q - select action, (/) - cycle Shift-Dir - straight line, f/p - orc priest
Aim: an orc priest, wielding a +0 flail and wearing a +0 ring mail (heavily wounded, 85% to hit)
The blast of sand hits the orc priest!
You kill the orc priest!
The orc hits you with a +0 club.
You die...

#.###......#.#.# ..#
####.###.#.# .#
########.# #.#.# .#
#.....# #.#)# .#
#.##### #.#.# o#
##.#### #.#.##o#
#.....# #....#o# #
#..##.######..#.###
#
#..##.........@o..#
#
#..#########.####.#
# #.....###...... #
##......#.##.##### #
###.##.#.##..... #
#...<#.##..## #
#..#........# ### #
##........#..# ..# #
#...#.#####..###.###


You could see 4 orcs.

Vanquished Creatures
  An orc priest (D:2)
  3 adders (D:2)
  A worm (D:2)
  A dart slug (D:1)
  6 ball pythons
  4 bats
  2 endoplasms (D:2)
  2 giant cockroaches
  3 goblins
  3 hobgoblins
  4 jackals (D:1)
  A quokka (D:1)
  A frilled lizard (D:1)
  7 kobolds
  A rat (D:2)
40 creatures vanquished.

Notes
Turn   | Place    | Note
-------+----------+-------------------------------------------
     0 | D:1      | Woods the Deep Elf Earth Elementalist began the quest for
                  | the Orb.
     0 | D:1      | Reached XP level 1. HP: 10/10 MP: 6/6
    72 | D:1      | Found Gappeisit's Book Shoppe.
   198 | D:1      | Reached XP level 2. HP: 15/15 MP: 5/8
   201 | D:1      | Learned a level 2 spell: Passwall
   797 | D:1      | Reached XP level 3. HP: 19/19 MP: 6/9
   860 | D:2      | Learned a level 3 spell: Stone Arrow
   945 | D:2      | Found a faded altar of an unknown god.
  1056 | D:2      | Identified the +2 leather armour of Distant Shores {Dex+5}
  1300 | D:2      | Reached XP level 4. HP: 24/24 MP: 5/11
  1402 | D:2      | Slain by an orc

Illustrated notes

Levels and vault maps discovered:
D:1:      shiori_arrival_maze, layout_rooms, serial_shops,
          nicolae_lakefront_shop
D:2:      layout_basic, basic_ecumenical_altar

Skill      XL: |  1  2  3 |
---------------+----------+-----
Stealth        | 3 |  3.3
Dodging        | 3 |  3.2
Transmutations | 2 |  2.0
Spellcasting   | |  3.8
Earth Magic    | |  3.8

Action                   |  1- 3 |  4- 6 || total
-------------------------+-------+-------++-------
Melee: Unarmed           |     1 |       ||     1
 Cast: Sandblast         |    50 |    10 ||    60
Armor: Robe              |       |     1 ||     1
Dodge: Dodged            |     7 |     3 ||    10
